 Dungeon Crawl Stone Soup version 0.13-a0-2531-g2ad9301 (webtiles) character file.

852 Rycklaryybbe the Martial Artist (level 7, 1/56 HPs)
             Began as a Pale Draconian Monk on July 26, 2013.
             Quit the game on Level 5 of the Dungeon.
             The game lasted 00:12:37 (4449 turns).

Rycklaryybbe the Martial Artist (DrMo)              Turns: 4449, Time: 00:12:37

HP   1/56        AC 10     Str 12      XL: 7   Next: 33%
MP   5/5         EV 13     Int  5 (12) God:
Gold 175         SH  0     Dex 14      Spells:  0 memorised,  6 levels left

Res.Fire  : . . .   See Invis. : .     - Unarmed
Res.Cold  : + . .   Warding    : .   (armour unavailable)
Life Prot.: . . .   Conserve   : .   (no shield)
Res.Poison: .       Res.Corr.  : .   (helmet restricted)
Res.Elec. : .       Clarity    : .   e - +0 cloak
Sust.Abil.: . .     Spirit.Shd : .   x - +0 pair of elf gloves
Res.Mut.  : .       Stasis     : .   w - +1 pair of orc boots
Res.Rott. : .       Flight     : .   (no amulet)
Saprovore : . . .                    (no ring)
                                     (no ring)

@: very poisoned, slightly resistant to hostile enchantments, fairly stealthy
A: breathe steam, unfitting armour, cold resistance 1, -10% mp, AC +6, Str -1
a: Breathe Steam


You were on level 5 of the Dungeon.
You were very hungry.

You visited 1 branch of the dungeon, and saw 5 of its levels.

You collected 175 gold pieces.

Inventory:

Hand weapons
 m - a +2,+4 elven sabre of venom
 r - a +0 elven blowgun
Missiles
 n - 2 poisoned darts (quivered)
 s - 16 poisoned needles
 v - a throwing net [frayed]
Armour
 e - a +0 cloak (worn)
 w - a +1 pair of orcish boots (worn)
 x - a +0 pair of elven gloves (worn)
Magical devices
 a - a wand of polymorph (9)
 i - a wand of magic darts (11) {unknown}
 q - a wand of polymorph (12)
Comestibles
 b - 2 bread rations
 p - a meat ration
Scrolls
 c - 3 scrolls of remove curse
 f - a scroll of curse weapon {unknown}
 g - a scroll of noise {unknown}
 h - 3 scrolls of teleportation {unknown}
 j - a scroll of recharging {unknown}
 k - 4 scrolls of identify {unknown}
 l - a scroll of enchant weapon I {unknown}
 o - a scroll of enchant weapon II {unknown}
 y - a scroll of curse jewellery {unknown}


   Skills:
 - Level 3.2 Fighting
 - Level 2.6 Dodging
 - Level 1.7 Stealth
 + Level 9.1 Unarmed Combat


You had 6 spell levels left.
You didn't know any spells.

Dungeon Overview and Level Annotations

Branches:
Dungeon (5/27)
 Temple: D:4-7

Altars:

Annotations
D:5 Menkaure


Innate Abilities, Weirdness & Mutations

You can breathe blasts of scalding steam.
Your pale cyan-grey scales are hard (AC +6).
Your body does not fit into most forms of armour.
Your cold-blooded metabolism reacts poorly to cold.
Your flesh is cold resistant.
Your magical capacity is low (-10% MP).
You are weak (Str -1).


Message History

You feel extremely sick.
You feel a little better.
* * * LOW HITPOINT WARNING * * *
You feel sick.
* * * LOW HITPOINT WARNING * * *
You feel very sick.
* * * LOW HITPOINT WARNING * * *
You feel very sick.
* * * LOW HITPOINT WARNING * * *
You feel very sick.
Drink which item? (? for menu, Esc to quit)
You feel extremely strange.
You feel hot for a moment.
You feel less energetic.
* * * LOW HITPOINT WARNING * * *
You feel extremely sick.
You feel a little better.
Eat which item? (? for menu, Esc to quit)
You can't eat that!
Unknown command.
Are you sure you want to abandon this character and quit the game? (Confirm with "yes".)

##.# #..# ♣♣♣♣.....♣♣♣
##.##### ####.###♣♣♣.......♣♣
#......## #.....[##♣..g≈≈≈...♣
#.......###.##.#..##..≈≈≈≈≈..#
....#.......##.#..##.e≈≈♣≈≈..#
...###......##.#..##..≈≈≈≈≈..#
...# #....#.##.#..##...≈≈≈...#
.### ###..#....#.)##........##
## ##.......@...%......## .##
###..#....#.###.....### ...#
#....##..##.# #.>...#
##.###....##..##b# #######
#..#....#.......#
#......#.#..#..#
##....##)#..#..#
##.....)#.#.......
#..#....#.####.####


There were no monsters in sight!

Vanquished Creatures
  An ogre (D:4)
  Duvessa (D:5)
  A water moccasin (D:5)
  A brain worm (D:5)
  A crimson imp (D:5)
  2 hounds
  2 orc priests (D:4)
  A centaur zombie (D:5)
  A worker ant (D:4)
  8 gnolls
  3 adders
  A worm (D:3)
  A giant eyeball (D:4)
  4 giant geckos
  4 orcs
  3 ball pythons
  9 bats
  A bat skeleton (D:5)
  3 giant cockroaches
  9 goblins
  10 hobgoblins
  A quokka (D:2)
  12 kobolds
  A kobold skeleton (D:5)
  5 rats
86 creatures vanquished.

Notes
Turn   | Place    | Note
--------------------------------------------------------------
     0 | D:1      | Rycklaryybbe, the Draconian Monk, began the quest for the Orb.
     0 | D:1      | Reached XP level 1. HP: 17/17 MP: 0/0
   317 | D:1      | Reached XP level 2. HP: 24/24 MP: 1/1
   829 | D:2      | Reached skill level 5 in Unarmed Combat
   829 | D:2      | Reached XP level 3. HP: 28/30 MP: 2/2
  2034 | D:3      | Reached XP level 4. HP: 37/37 MP: 3/3
  2134 | D:3      | Reached skill level 6 in Unarmed Combat
  2838 | D:4      | Reached XP level 5. HP: 26/44 MP: 4/4
  2857 | D:4      | Noticed an ogre
  2897 | D:4      | Killed an ogre
  2897 | D:4      | Reached skill level 7 in Unarmed Combat
  3138 | D:4      | Reached XP level 6. HP: 22/50 MP: 5/5
  3144 | D:4      | Gained mutation: You are agile (Dex +1). [potion of mutation]
  3144 | D:4      | Gained mutation: You are weak (Str -1). [potion of mutation]
  3144 | D:4      | Lost mutation: You are agile (Dex +1). [potion of mutation]
  3555 | D:5      | Entered Level 5 of the Dungeon
  3604 | D:5      | Reached skill level 8 in Unarmed Combat
  3696 | D:5      | Noticed Menkaure
  4293 | D:5      | Noticed Eustachio
  4294 | D:5      | Noticed Eustachio
  4294 | D:5      | Eustachio changed into Eustachio the brain worm
  4305 | D:5      | Killed Eustachio the brain worm
  4347 | D:5      | Your scales start fading to a pale cyan-grey colour.
  4347 | D:5      | Reached XP level 7. HP: 51/56 MP: 6/6
  4401 | D:5      | Noticed Duvessa
  4439 | D:5      | Killed Duvessa
  4439 | D:5      | Reached skill level 9 in Unarmed Combat
  4448 | D:5      | Gained mutation: Your flesh is cold resistant. [potion of mutation]
  4448 | D:5      | Gained mutation: Your magical capacity is low (-10% MP). [potion of mutation]
  4448 | D:5      | HP: 1/56 [poisoned by Duvessa]
  4449 | D:5      | Quit the game

Action                   |  1- 3 |  4- 6 |  7- 9 || total
-------------------------+-------+-------+-------++-------
Melee: Unarmed           |   138 |   152 |    25 ||   315
 Fire: Blowgun           |       |    10 |       ||    10
Throw: Dart              |       |     9 |       ||     9
       Throwing net      |       |     1 |       ||     1
 Abil: Breathe Steam     |       |       |     2 ||     2
Evoke: Wand              |       |     1 |       ||     1
  Use: Potion            |     1 |     5 |     1 ||     7
       Scroll            |       |     2 |       ||     2
 Stab: Sleeping          |     1 |     4 |       ||     5
       Held in net/web   |       |     1 |       ||     1
